 Dungeon Crawl Stone Soup version 0.23.1 (webtiles) character file.

Game seed: 0

81143 1994 the Lord of Darkness (level 15, -1/120 HPs)
             Began as a Vampire Necromancer on Mar 1, 2019.
             Was the Champion of Kikubaaqudgha.
             Slain by a +2 mace of holy wrath (5 damage)
             ... on level 2 of the Elven Halls on Mar 2, 2019.
             The game lasted 04:43:47 (31962 turns).

1994 the Lord of Darkness (Vampire Necromancer)    Turns: 31962, Time: 04:43:48

Health: -1/120     AC: 18    Str:  9    XL:     15   Next: 25%
Magic:  0/13       EV: 23    Int: 19    God:    Kikubaaqudgha [******]
Gold:   3299       SH:  0    Dex: 22    Spells: 1/37 levels left

rFire    + + .     SeeInvis +   L - +8 rapier "Pucw" {antimagic, Int-4 Dex+5}
rCold    + . .     Gourm    .   (no shield)
rNeg     + + +     Faith    .   t - +0 leather armour of the Hall of Blades {rF++ Slay+3}
rPois    +         Spirit   .   K - +2 helmet {Int+3}
rElec    .         Reflect  .   g - +2 cloak
rCorr    .         Harm     .   c - +0 pair of gloves
MR       ++++.     Clarity  +   W - +2 pair of boots
Stlth    ++++......             O - amulet of the Four Winds {rN+ MR+++ Clar}
HPRegen  0.65/turn              u - +5 ring of protection
MPRegen  0.13/turn              m - ring of magical power

@: regenerating
A: fangs 3, see invisible, unbreathing
a: Bat Form, Receive Corpses, Torment, Brand Weapon With Pain, Receive
Necronomicon, Renounce Religion


You were on level 2 of the Elven Halls.
You worshipped Kikubaaqudgha.
Kikubaaqudgha was exalted by your worship.
You were very thirsty.

You visited 5 branches of the dungeon, and saw 23 of its levels.
You visited 1 bazaar.
You also visited: Gauntlet.

You collected 5748 gold pieces.
You spent 2449 gold pieces at shops.

Inventory:

Hand Weapons
 w - a +2 vampiric dagger
 y - the +7 dagger "Ygall" {flame, rF+}
   (You found it in a Gauntlet)

   It has been specially enchanted to burn those struck by it, causing extra
   injury to most foes and up to half again as much damage against particularly
   susceptible opponents.
   It protects you from fire.
 L - the +8 rapier "Pucw" (weapon) {antimagic, Int-4 Dex+5}
   (You took it off a minotaur in a Gauntlet)

   It reduces the magical energy of the wielder, and disrupts the spells and
   magical abilities of those hit.
   Natural abilities and divine invocations are not affected.
   It affects your intelligence (-4).
   It affects your dexterity (+5).
Armour
 c - a +0 pair of gloves (worn)
 g - a +2 cloak (worn)
 t - the +0 leather armour of the Hall of Blades (worn) {rF++ Slay+3}
   (You found it on level 7 of the Dungeon)

   It affects your accuracy and damage with ranged weapons and melee attacks
   (+3).
   It greatly protects you from fire.
 F - a +0 troll leather armour
 K - a +2 helmet of intelligence (worn)
 W - a +2 pair of boots (worn)
Magical Staves
 a - an uncursed staff of energy
 V - an uncursed staff of death
Jewellery
 f - an uncursed amulet of regeneration
 m - a ring of magical power (right hand)
 r - an uncursed amulet of the acrobat
 u - a +5 ring of protection (left hand)
 I - an uncursed ring of resist corrosion
 O - the amulet of the Four Winds (around neck) {rN+ MR+++ Clar}
   (You bought it in a shop on level 4 of the Dungeon)

   [amulet of nothing]

   It protects you from negative energy.
   It affects your resistance to hostile enchantments.
   It protects you against confusion.
 R - an uncursed ring of flight
Wands
 n - a wand of acid (10)
 H - a wand of paralysis (16)
 M - a wand of digging (5)
 N - a wand of flame (49)
 Q - a wand of iceblast (6)
 U - a wand of disintegration (20)
Scrolls
 b - 2 scrolls of silence
 d - 2 scrolls of fog
 j - 11 scrolls of remove curse
 l - 4 scrolls of identify
 p - 4 scrolls of immolation
 q - 2 scrolls of fear
 x - 2 scrolls of enchant armour
 z - a scroll of enchant weapon
 C - 3 scrolls of amnesia
 E - a scroll of holy word
 P - 3 scrolls of blinking
 X - 3 scrolls of magic mapping
 Y - 16 scrolls of teleportation
Potions
 e - 4 potions of invisibility
 h - 5 potions of flight
 i - 3 potions of haste
 o - 50 potions of blood
 s - 6 potions of curing
 v - a potion of agility
 A - a potion of lignification
 B - a potion of ambrosia
 D - 3 potions of brilliance
 G - 2 potions of cancellation
 J - 3 potions of berserk rage
 S - a potion of resistance
 T - 2 potions of magic
 Z - 2 potions of mutation


   Skills:
 + Level 11.9 Fighting
 + Level 12.9 Short Blades
 + Level 12.9 Dodging
 - Level 3.1 Stealth
 + Level 11.5 Spellcasting
 - Level 4.0 Charms
 + Level 13.0 Necromancy
 - Level 3.0 Earth Magic
 - Level 1.0 Evocations


You had one spell level left.
You knew the following spells:

 Your Spells              Type           Power        Failure   Level  Hunger
a - Pain                  Necr           ####         1%          1    None
b - Animate Skeleton      Necr           N/A          1%          1    None
c - Regeneration          Chrm/Necr      #####.....   1%          3    None
d - Animate Dead          Necr           N/A          1%          4    ##.....
e - Vampiric Draining     Necr           ######....   1%          3    None
f - Corpse Rot            Necr           N/A          1%          2    None
g - Dispel Undead         Necr           ######..     1%          5    ####...
h - Borgnjor's Vile Clut  Necr/Erth      #####.....   9%          5    ####...
i - Agony                 Necr           ######..     1%          5    ####...
j - Sublimation of Blood  Necr           ######....   1%          2    None
k - Excruciating Wounds   Chrm/Necr      #####.....   8%          5    ####...

Your spell library contained the following spells:

 Spells                   Type           Power        Failure   Level  Hunger
 Apportation              Tloc           ##....       9%          1    None
 Confusing Touch          Hex            ##....       9%          1    None
 Corona                   Hex            ##.....      9%          1    None
 Freeze                   Ice            ##..         9%          1    None
 Summon Small Mammal      Summ           ##..         9%          1    None
 Shroud of Golubria       Chrm/Tloc      ###.......   6%          2    None
 Death Channel            Necr           ######....   6%          6    ######.
 Ozocubu's Armour         Chrm/Ice       ###.....     12%         3    None
 Spectral Weapon          Hex/Chrm       ###.....     12%         3    None
 Ensorcelled Hibernation  Hex/Ice        ##....       14%         2    None
 Poisonous Vapours        Pois/Air       ##....       14%         2    None
 Throw Frost              Conj/Ice       ##....       14%         2    None
 Stone Arrow              Conj/Erth      ###...       14%         3    None
 Confuse                  Hex            ##......     26%         3    None
 Conjure Flame            Conj/Fire      ##......     26%         3    None
 Dazzling Spray           Conj/Hex       ##....       26%         3    None
 Gell's Gravitas          Tloc           ##........   26%         3    None
 Ignite Poison            Fire/Tmut/Pois ##......     26%         3    None
 Mephitic Cloud           Conj/Pois/Air  ##......     26%         3    None
 Tukima's Dance           Hex            ##......     26%         3    None
 Leda's Liquefaction      Hex/Erth       ###.......   43%         4    ##.....
 Petrify                  Tmut/Erth      ###.....     43%         4    ##.....
 Summon Ice Beast         Ice/Summ       ##......     65%         4    ##.....
 Throw Icicle             Conj/Ice       ##......     65%         4    ##.....
 Simulacrum               Ice/Necr       #####.....   67%         6    ######.
 Alistair's Intoxication  Tmut/Pois      ##......     94%         5    ####...
 Irradiate                Conj/Tmut      ##........   94%         5    ####...
 Lightning Bolt           Conj/Air       ##........   94%         5    ####...
 Metabolic Englaciation   Hex/Ice        ##........   94%         5    ####...
 Silence                  Hex/Air        ##........   94%         5    ####...
 Summon Forest            Summ/Tloc      ##........   94%         5    ####...
 Yara's Violent Unravell  Hex/Tmut       ##........   94%         5    ####...
 Darkness                 Hex            ##........   100%        6    ######.
 Freezing Cloud           Conj/Ice/Air   ##........   100%        6    ######.
 Hydra Form               Tmut           ##........   100%        6    ######.
 Shadow Creatures         Summ           N/A          100%        6    ######.
 Ring of Flames           Chrm/Fire      ###.......   100%        7    #######
 Summon Hydra             Summ           ##........   100%        7    #######
 Tornado                  Air            ##........   100%        9    #######


Dungeon Overview and Level Annotations

Branches:
Dungeon (12/15)            Temple (1/1) D:7            Lair (6/6) D:8
  Swamp (0/4) Lair:4        Snake (0/4) Lair:3        Slime (0/5) Lair:6
    Orc (2/2) D:12            Elf (1/3) Orc:2

Altars:
Ashenzari
Cheibriados
Dithmenos
Elyvilon
Fedhas
Gozag
Hepliaklqana
Kikubaaqudgha
Makhleb
Nemelex Xobeh
Okawaru
Qazlal
Ru
Sif Muna
Trog
Uskayaw
Vehumet
Wu Jian
Xom
Yredelemnul
Zin
The Shining One
Beogh

Shops:
D:4 }==*   D:5 [[[   D:6 !   D:8 :(   Orc:2 }}[?

Annotations:
D:10 2 runed translucent doors
Lair:2 exclusion: 4 oklob plants


Innate Abilities, Weirdness & Mutations

You heal slowly.
You have razor-sharp teeth.
You have supernaturally acute eyesight. (SInv)
You can survive without breathing.


Message History

You see here a +1 trident of protection.
You hit the +2 mace of holy wrath but do no damage.
The +2 mace of holy wrath is heavily damaged.
The +2 mace of holy wrath hits you.
* * * LOW HITPOINT WARNING * * *
You convulse.
* * * LOW HITPOINT WARNING * * *
Unknown command.
Casting: Borgnjor's Vile Clutch (slightly dangerous; 9% risk of failure)
Confirm with . or Enter, or press ? or * to list all spells.
Your skin crawls.
The +2 mace of holy wrath hits you.
* * * LOW HITPOINT WARNING * * *
You convulse!
* * * LOW HITPOINT WARNING * * *
Unknown command.
You feel better. The +2 mace of holy wrath hits you.
* * * LOW HITPOINT WARNING * * *
You convulse.
You die...
Kikubaaqudgha rasps: "You have failed me!
Welcome... oblivion!"

........##
.........##
.......... e
.g..... ..
#)).# ... #).##
.... ##).##
.....## ##...(#
.......##@....#
........|(...##
........)...##
...........##
############


You could see a +2 mace of holy wrath.

Vanquished Creatures
  Jorgrun (Elf:2)
  The ghost of Oviwesma the Reanimator, a journeyman OpWz of Gozag (Lair:6)
  The ghost of Murks the Blocker, an adept VSFi of Uskayaw (Orc:2)
  Snorg (D:11)
  A minotaur (Gauntlet)
  2 ogre magi (Orc:2)
  Erolcha (Orc:1)
  6 hydras
  A tengu warrior (Gauntlet)
  4 dancing weapons (Elf:2)
  4 two-headed ogres
  5 death yaks
  2 deep elf knights (Elf:2)
  An unseen horror (D:12)
  6 hell knights (D:10)
  2 necromancers
  An orc knight (D:10)
  8 orc sorcerers (Orc:2)
  9 deep elf magi
  2 ugly things
  5 black mambas
  An apocalypse crab (Gauntlet)
  4 gargoyles
  24 spiny frogs
  A torpor snail (Lair:2)
  4 rime drakes
  6 komodo dragons
  A tengu conjurer (Gauntlet)
  4 trolls
  A polar bear (Lair:6)
  3 tyrant leeches (Lair:6)
  2 hornets (D:9)
  20 blink frogs
  7 hippogriffs
  4 dream sheep (Lair:6)
  34 yaks
  A shadow (D:11)
  A spriggan (D:9)
  A fire bat (Gauntlet)
  3 steam dragons
  Eustachio (D:6)
  4 hungry ghosts
  3 basilisks
  6 vampire mosquitoes (Lair:6)
  2 wargs
  Edmund (D:6)
  8 nagas (Lair:3)
  An acid dragon (D:12)
  7 hell hounds (D:10)
  13 water moccasins
  10 porcupines
  3 ice beasts
  14 orc warriors
  4 sky beasts
  3 black bears
  3 phantoms
  12 ogres
  5 wolves
  12 centaurs
  11 crocodiles
  2 big kobolds
  A gnoll sergeant (D:8)
  30 bullfrogs
  2 wyvern skeletons
  3 scorpions
  13 killer bees
  5 wights (D:10)
  5 electric eels
  9 howler monkeys
  7 crimson imps
  2 centaur zombies
  A quasit (D:7)
  A bullfrog zombie (D:12)
  22 orc priests
  7 hounds
  31 orc wizards
  4 bullfrog skeletons
  4 jellies
  4 iguanas
  8 worker ants
  3 hell rats (Lair:1)
  2 yak simulacra (Lair:2)
  3 polar bear simulacra (Lair:2)
  3 wolf simulacra (Lair:2)
  A hound zombie (D:11)
  2 howler monkey zombies
  A worker ant zombie (D:11)
  10 gnolls
  4 howler monkey skeletons
  10 adders
  7 river rats (Lair:1)
  A shadow imp (D:5)
  2 oozes
  An adder skeleton (D:3)
  5 worms
  3 dart slugs
  3 leopard geckos
  92 orcs
  7 bats
  7 giant cockroaches
  4 goblins
  8 hobgoblins
  13 jackals
  14 kobolds
  7 quokkas
  5 ball pythons
  5 frilled lizards
  2 leopard gecko zombies (D:3)
  A quokka zombie (D:3)
  9 rats
  3 river rat simulacra (Lair:2)
  2 butterflies (Lair:4)
  A fungus (Lair:6)
  5 plants
716 creatures vanquished.

Vanquished Creatures (collateral kills)
  A spiny frog (Lair:2)
  An efreet (D:10)
  A komodo dragon (Lair:1)
  A troll (D:8)
  2 blink frogs (Lair:2)
  4 yaks (Lair:1)
  A basilisk (Lair:1)
  A killer bee (D:10)
  An electric eel (D:8)
  A hound (D:8)
  An orc wizard (D:5)
  A leopard gecko skeleton (D:5)
  A plant (Lair:2)
17 creatures vanquished.

Vanquished Creatures (others)
  An orc wizard (Orc:2)
  33 fungi
  44 plants
  23 withered plants (Gauntlet)
101 creatures vanquished.

Grand Total: 834 creatures vanquished

Notes
Turn   | Place    | Note
-------+----------+-------------------------------------------
     0 | D:1      | 1994 the Vampire Necromancer began the quest for the Orb.
     0 | D:1      | Reached XP level 1. HP: 13/13 MP: 3/3
   216 | D:1      | Reached XP level 2. HP: 12/20 MP: 0/5
   266 | D:1      | Learned a level 1 spell: Animate Skeleton
   608 | D:1      | Reached skill level 1 in Fighting
   947 | D:2      | Reached XP level 3. HP: 24/26 MP: 2/6
  1019 | D:2      | Reached skill level 1 in Short Blades
  1423 | D:2      | Learned a level 3 spell: Regeneration
  1515 | D:2      | Reached XP level 4. HP: 25/32 MP: 0/8
  2526 | D:3      | Upgraded the game from 0.23.0-42-geed6394480 to 0.23.1
  2531 | D:3      | Learned a level 4 spell: Animate Dead
  2583 | D:3      | Reached XP level 5. HP: 38/38 MP: 6/9
  2768 | D:4      | Found an ornate altar of the Wu Jian Council.
  2847 | D:4      | Found Weuhyho's Gadget Emporium.
  2892 | D:4      | Noticed a phantom
  2966 | D:4      | Killed a phantom
  2966 | D:4      | Reached skill level 1 in Charms
  2966 | D:4      | Reached skill level 5 in Necromancy
  3041 | D:4      | Reached XP level 6. HP: 44/45 MP: 8/11
  3379 | D:4      | Found Anew's Jewellery Shop.
  3388 | D:4      | Bought a cursed -5 ring of strength for 20 gold pieces
  3419 | D:4      | Found Sacwiaxuu's General Store.
  3439 | D:4      | Found Folotage's Jewellery Emporium.
  3886 | D:5      | Entered Level 5 of the Dungeon
  4030 | D:5      | Found a deep blue altar of Sif Muna.
  4068 | D:5      | Found Sitt's Antique Armour Shop.
  4085 | D:5      | Reached XP level 7. HP: 48/52 MP: 12/12
  4249 | D:5      | Found Xydob's Antique Armour Shop.
  4281 | D:5      | Learned a level 3 spell: Vampiric Draining
  4766 | D:5      | Found Lexzop's Armour Boutique.
  4992 | D:6      | Noticed a gargoyle
  5044 | D:6      | Noticed Edmund
  5066 | D:6      | Killed Edmund
  5166 | D:6      | Reached XP level 8. HP: 60/61 MP: 0/13
  5536 | D:6      | Noticed Eustachio
  5541 | D:6      | Killed Eustachio
  5541 | D:6      | Reached skill level 5 in Fighting
  5800 | D:6      | Reached skill level 5 in Short Blades
  5828 | D:6      | Found Pirivet's Distillery.
  6003 | D:7      | Reached skill level 5 in Dodging
  6323 | D:7      | Found a transporter.
  6346 | D:7      | Found a transporter.
  6712 | D:7      | Found a staircase to the Ecumenical Temple.
  6718 | Temple   | Entered the Ecumenical Temple
  6929 | Temple   | Became a worshipper of Kikubaaqudgha
  7025 | D:7      | Reached skill level 6 in Necromancy
  7126 | D:8      | Reached XP level 9. HP: 69/69 MP: 15/15
  7390 | D:8      | Noticed a troll
  7410 | D:8      | Killed a troll
  7417 | D:8      | Reached skill level 5 in Spellcasting
  7557 | D:8      | Found a staircase to the Lair.
  7877 | D:8      | Found a glowing silver altar of Zin.
  8066 | D:8      | Reached * piety under Kikubaaqudgha
  8066 | D:8      | Identified Kikubaaqudgha's Incunabulum of Sinister Magic
                  | (Kikubaaqudgha gifted it to you on level 8 of the Dungeon)
  8066 | D:8      | Received a gift from Kikubaaqudgha
  8090 | D:8      | Learned a level 2 spell: Corpse Rot
  8167 | D:8      | Reached skill level 7 in Necromancy
  8232 | D:8      | Found Sasaub's Book Boutique.
  8581 | D:8      | Found Coron's Antique Weapon Emporium.
  8820 | D:9      | Found a sparkling altar of Nemelex Xobeh.
  8834 | D:9      | Reached XP level 10. HP: 57/77 MP: 1/18
  9651 | D:9      | Reached ** piety under Kikubaaqudgha
  9707 | D:9      | Reached skill level 8 in Necromancy
  9989 | D:10     | Entered Level 10 of the Dungeon
 10082 | D:10     | Found a shimmering altar of Xom.
 10129 | D:10     | Found a large runed translucent door.
 10130 | D:10     | Found a large runed translucent door.
 10142 | D:10     | Noticed a cyclops
 10150 | D:10     | Noticed a centaur warrior
 10165 | D:10     | Noticed a centaur warrior
 10758 | D:10     | Noticed a two-headed ogre
 10857 | D:10     | Killed a two-headed ogre
 11354 | D:10     | Reached XP level 11. HP: 59/85 MP: 17/21
 11664 | D:10     | Noticed an orc knight
 11736 | D:10     | Killed an orc knight
 12221 | Lair:1   | Entered Level 1 of the Lair of Beasts
 12222 | Lair:1   | Noticed a five-headed hydra
 12302 | Lair:1   | Killed a four-headed hydra
 12302 | Lair:1   | Reached skill level 9 in Necromancy
 12556 | Lair:1   | Reached *** piety under Kikubaaqudgha
 12556 | Lair:1   | Identified Kikubaaqudgha's Almanac of Dark Arts
                  | (Kikubaaqudgha gifted it to you on level 1 of the Lair of
                  | Beasts)
 12556 | Lair:1   | Received a gift from Kikubaaqudgha
 12569 | Lair:1   | Learned a level 5 spell: Dispel Undead
 12575 | Lair:1   | Learned a level 5 spell: Borgnjor's Vile Clutch
 12855 | Lair:1   | Reached skill level 1 in Earth Magic
 13301 | Lair:1   | Got a faintly glowing chain mail
 13312 | Lair:1   | Identified the +2 chain mail of Hont {Int+3} (You found it
                  | on level 1 of the Lair of Beasts)
 14181 | Lair:2   | Reached XP level 12. HP: 76/94 MP: 22/24
 14684 | Lair:2   | Got an ivory war axe
 14824 | Lair:2   | Identified the +0 war axe of Wrongful Imprisonment {chop,
                  | Stlth+} (You found it on level 2 of the Lair of Beasts)
 14949 | Lair:2   | Reached **** piety under Kikubaaqudgha
 15706 | Lair:3   | Noticed a six-headed hydra
 15771 | Lair:2   | Killed a six-headed hydra
 16274 | Lair:3   | Reached skill level 10 in Necromancy
 16428 | Lair:3   | Found a staircase to the Snake Pit.
 16965 | Lair:4   | Reached skill level 10 in Dodging
 17010 | Lair:4   | Noticed a seven-headed hydra
 17053 | Lair:4   | Killed a six-headed hydra
 17053 | Lair:4   | Reached skill level 10 in Short Blades
 17200 | Lair:4   | Found a gate leading to a gauntlet.
 17225 | Gauntlet | Entered a Gauntlet
 17225 | Gauntlet | Found a transporter.
 17264 | Gauntlet | Found a transporter.
 17279 | Gauntlet | Found a transporter.
 17287 | Gauntlet | Found a transporter.
 17302 | Gauntlet | Found a transporter.
 17324 | Gauntlet | Found a transporter.
 17333 | Gauntlet | Found a transporter.
 17341 | Gauntlet | Noticed a death scarab
 17342 | Gauntlet | Noticed a death scarab
 17345 | Gauntlet | Found a transporter.
 17357 | Gauntlet | Found a transporter.
 17369 | Gauntlet | Found a transporter.
 17369 | Gauntlet | Noticed a great orb of eyes
 17386 | Gauntlet | Found a transporter.
 17403 | Gauntlet | Found a transporter.
 17405 | Gauntlet | Found a transporter.
 17433 | Gauntlet | Found a transporter.
 17434 | Gauntlet | Noticed a tengu warrior
 17435 | Gauntlet | Found a transporter.
 17437 | Gauntlet | Found a transporter.
 17465 | Gauntlet | Found a transporter.
 17467 | Gauntlet | Found a transporter.
 17696 | Gauntlet | Learned a level 5 spell: Agony
 17786 | Gauntlet | Killed a tengu warrior
 17954 | Gauntlet | Got a fine diamond amulet
 17972 | Gauntlet | Identified the amulet of Gushren {Spirit rPois} (You found
                  | it in a Gauntlet)
 18240 | Gauntlet | Got an ancient dagger
 18289 | Gauntlet | Identified the +7 dagger "Ygall" {flame, rF+} (You found it
                  | in a Gauntlet)
 18309 | Gauntlet | Identified the +8 rapier "Pucw" {antimagic, Int-4 Dex+5}
 18309 | Gauntlet | Noticed a minotaur
 18422 | Gauntlet | Killed a minotaur
 18753 | Lair:4   | Reached skill level 10 in Fighting
 18823 | Lair:4   | Found a staircase to the Swamp.
 19735 | Lair:5   | Reached XP level 13. HP: 84/103 MP: 26/26
 20231 | Lair:6   | Entered Level 6 of the Lair of Beasts
 20797 | Lair:6   | Reached skill level 11 in Necromancy
 20932 | Lair:6   | Found a staircase to the Slime Pits.
 21266 | Lair:6   | Reached skill level 10 in Spellcasting
 22038 | Lair:6   | Reached ***** piety under Kikubaaqudgha
 22556 | Lair:6   | Found a runed translucent gate.
 22557 | Lair:6   | Found a runed translucent gate.
 22557 | Lair:6   | Noticed Oviwesma's ghost (journeyman OpWz)
 22558 | Lair:6   | Found a runed translucent gate.
 23021 | Lair:5   | Reached XP level 14. HP: 37/113 MP: 11/28
 23767 | Lair:6   | Killed Oviwesma's ghost
 23790 | Lair:6   | Learned a level 2 spell: Sublimation of Blood
 24918 | D:7      | Got an encrusted leather armour
 24930 | D:7      | Identified the +0 leather armour of the Hall of Blades
                  | {rF++ Slay+3} (You found it on level 7 of the Dungeon)
 25095 | D:7      | Identified a scroll of acquirement
 25259 | D:5      | Bought a transparent robe for 165 gold pieces
 25271 | D:5      | Identified the +2 robe of Decompression {Stlth+} (You
                  | bought it in a shop on level 5 of the Dungeon)
 25319 | D:4      | Bought the amulet of the Four Winds {rN+ MR+++ Clar} for
                  | 439 gold pieces
 25319 | D:4      | Found the amulet of the Four Winds {rN+ MR+++ Clar}
 25433 | D:8      | Bought Kusisuck's Tome of Augmentations and Fascination for
                  | 938 gold pieces
 25517 | D:6      | Bought a potion of magic for 112 gold pieces
 25806 | D:10     | Reached skill level 12 in Necromancy
 26501 | D:10     | Reached skill level 1 in Evocations
 27059 | D:11     | Found a flickering gateway to a bazaar.
 27099 | Bazaar   | Entered a bazaar
 27099 | Bazaar   | Found Jieh's Magic Scroll Shop.
 27099 | Bazaar   | Found Kunn's Jewellery Boutique.
 27099 | Bazaar   | Found Fauseirph's Antique Armour Boutique.
 27099 | Bazaar   | Found Cocianud's Assorted Antiques.
 27099 | Bazaar   | Found Neqirhad's Food Shop.
 27122 | Bazaar   | Bought a scroll labeled SUGROPS WEMI for 34 gold pieces
 27131 | Bazaar   | Bought a twitching sapphire amulet for 170 gold pieces
 27139 | Bazaar   | Bought a scroll of identify for 30 gold pieces
 27139 | Bazaar   | Bought a scroll of amnesia for 52 gold pieces
 27160 | Bazaar   | Identified the amulet "Les Xedo" {Harm -Tele *Drain rN+
                  | Slay+3} (You bought it in a shop in a bazaar)
 27191 | Bazaar   | Bought a shiny helmet for 255 gold pieces
 27205 | Bazaar   | Bought a scratched tourmaline ring for 170 gold pieces
 27946 | D:11     | Noticed Snorg
 27956 | D:11     | Killed Snorg
 28439 | D:12     | Found a staircase to the Orcish Mines.
 28564 | D:12     | Reached ****** piety under Kikubaaqudgha
 28975 | D:12     | Identified the Disquisition on Flying Toxins
 29359 | Orc:1    | Entered Level 1 of the Orcish Mines
 29488 | Orc:1    | Noticed Erolcha
 29496 | Orc:1    | Killed Erolcha
 29634 | Orc:2    | Entered Level 2 of the Orcish Mines
 29656 | Orc:2    | Found a runed translucent door.
 29764 | Orc:2    | Noticed Murks's ghost (adept VSFi)
 29771 | Orc:2    | Killed Murks's ghost
 30331 | Orc:2    | Found a staircase to the Elven Halls.
 30900 | Orc:2    | Found Memutaw's Gadget Shop.
 30920 | Orc:2    | Found a radiant altar of Vehumet.
 31085 | Orc:2    | Found Tolop's Gadget Shop.
 31180 | Orc:2    | Found a roughly hewn altar of Beogh.
 31235 | Orc:2    | Found Jousseuv's Antique Armour Shop.
 31248 | Orc:2    | Found Coplupne's Magic Scroll Boutique.
 31279 | Orc:2    | Reached XP level 15. HP: 111/120 MP: 30/30
 31306 | Orc:2    | Learned a level 5 spell: Excruciating Wounds
 31306 | Orc:2    | Bought a scroll of identify for 32 gold pieces
 31306 | Orc:2    | Bought a scroll of identify for 32 gold pieces
 31367 | Orc:2    | Found an ancient bone altar of Kikubaaqudgha.
 31669 | Elf:1    | Entered Level 1 of the Elven Halls
 31714 | Elf:1    | Found a radiant altar of Vehumet.
 31885 | Elf:1    | You are sucked into a shaft!
 31920 | Elf:2    | Noticed Jorgrun
 31933 | Elf:2    | Reached skill level 13 in Necromancy
 31952 | Elf:2    | Killed Jorgrun
 31961 | Elf:2    | HP: 1/120 [+2 mace of holy wrath (7)]
 31962 | Elf:2    | Slain by a +2 mace of holy wrath

Skill      XL: |  1  2  3  4  5  6  7  8  9 10 11 12 13 14 15 |
---------------+----------------------------------------------+-----
Fighting       | 1 2 3 4 5 6 7 8 10 11 | 11.9
Short Blades   | 1 2 3 4 5 7 8 9 10 11 12 | 12.9
Spellcasting   | 3 4 5 6 8 9 10 11 | 11.5
Dodging        | 3 4 5 7 8 9 10 11 12 | 12.9
Charms         | 1 2 4 |  4.0
Necromancy     | 5 6 7 8 9 10 11 12 13 | 13.0
Earth Magic    | 3 |  3.0
Evocations     | 1 |  1.0
Stealth        | |  3.1

Action                   |  1- 3 |  4- 6 |  7- 9 | 10-12 | 13-15 || total
-------------------------+-------+-------+-------+-------+-------++-------
Melee: Unarmed           |     6 |       |       |    14 |    17 ||    37
       Bite              |     5 |    11 |    34 |   132 |   165 ||   347
       Short sword       |    21 |   212 |   304 |   840 |       ||  1377
       Rapier            |       |       |    86 |    87 |    23 ||   196
       Scimitar          |       |       |       |    77 |       ||    77
       Dagger            |       |       |       |    88 |  1298 ||  1386
 Cast: Pain              |    74 |    95 |   112 |   159 |   261 ||   701
       Regeneration      |       |     2 |     3 |    17 |    49 ||    71
       Animate Dead      |       |     1 |     3 |    13 |     1 ||    18
       Vampiric Draining |       |       |    33 |    57 |    60 ||   150
       Corpse Rot        |       |       |       |     6 |     5 ||    11
       Animate Skeleton  |       |       |       |     1 |       ||     1
       Borgnjor's Vile C |       |       |       |     8 |    40 ||    48
       Agony             |       |       |       |     6 |    24 ||    30
       Dispel Undead     |       |       |       |       |    17 ||    17
Invok: Receive Corpses   |       |       |       |     4 |     1 ||     5
 Abil: End Transformatio |       |       |       |    34 |    65 ||    99
       Bat Form          |       |       |       |    34 |    65 ||    99
       Evoke Flight      |       |       |       |       |     3 ||     3
Evoke: Staff of energy   |       |       |       |     1 |     2 ||     3
       Wand              |       |       |       |       |     2 ||     2
  Use: Potion            |     4 |     3 |     9 |    25 |    35 ||    76
       Scroll            |       |     6 |     4 |    17 |    10 ||    37
 Stab: Sleeping          |     1 |     4 |    16 |    25 |    14 ||    60
       Distracted        |       |       |       |     4 |     2 ||     6
Armor: Robe              |     8 |    13 |       |       |       ||    21
       Leather armour    |       |    74 |   100 |    71 |   127 ||   372
       Steam dragon scal |       |       |       |   161 |    65 ||   226
       Troll leather arm |       |       |       |       |     2 ||     2
Dodge: Dodged            |    17 |   140 |   238 |   888 |   731 ||  2014
       Rpst.: Scimitar   |       |       |       |    16 |       ||    16
